 Dungeon Crawl Stone Soup version 0.31.0-32-g396128a36d (webtiles) character file.

Game seed: 878252980553742661

66 McKennaii the Conjurer (level 3, 0/26 HPs)
             Began as a Demigod Conjurer on Apr 8, 2024.
             Slain by a scorpion (1 damage)
             ... on level 3 of the Dungeon.
             The game lasted 00:02:00 (2194 turns).

McKennaii the Conjurer (Demigod Conjurer)           Turns: 2194, Time: 00:02:01

Health: 0/26       AC:  3    Str:  8    XL:     3   Next: 69%
Magic:  1/9        EV: 12    Int: 24    God:
Gold:   101        SH:  0    Dex: 12    Spells: 4/7 levels left

rFire   . . .        g - staff of conjuration
rCold   . . .        (no shield)
rNeg    + . .        a - +0 robe
rPois   .            f - +0 helmet
rElec   .            (no cloak)
rCorr   .            (no gloves)
SInv    .            (no boots)
Will    +....        (no amulet)
Stlth   ++           d - ring of positive energy
HPRegen 0.24/turn    h - ring of willpower
MPRegen 0.11/turn

%: no passive effects
@: no status effects
A: high MP 1, forlorn, divine attributes
a: no special abilities


You were on level 3 of the Dungeon.
You visited 1 branch of the dungeon, and saw 3 of its levels.

You collected 101 gold pieces.

Inventory:

Armour
 a - a +0 robe (worn)
 f - a +0 helmet (worn)
Magical Staves
 g - a staff of conjuration (weapon)
Jewellery
 d - a ring of positive energy (left hand)
 h - a ring of willpower (right hand)
Scrolls
 c - 6 scrolls of identify {unknown}
 e - a scroll of noise {unknown}
Potions
 b - a potion of magic


   Skills:
 - Level 1.7 Dodging
 - Level 1.7 Stealth
 + Level 2.8 Spellcasting
 + Level 4.4 Conjurations


You had 4 spell levels left.
You knew the following spells:

 Your Spells              Type           Power      Damage    Failure   Level
a - Magic Dart            Conj           100%       1d8       1%          1
b - Searing Ray           Conj           72%        2d7       2%          2

Your spell library contained the following spells:

 Spells                   Type           Power      Damage    Failure   Level
 Fulminant Prism          Conj/Alch      10%        3d9       41%         4
 Iskenderun's Mystic Bla  Conj/Tloc      21%        2d6       41%         4


Dungeon Overview and Level Annotations

Branches:
Dungeon (3/15)


Innate Abilities, Weirdness & Mutations

You have an increased reservoir of magic. (+10% MP)
You shall have no god before yourself.
Your divine heritage dramatically boosts your attributes as you level up.


Message History

The scorpion is moderately wounded.
The scorpion misses you.
A scorpion is nearby!
Casting: Magic Dart (safe; 1% risk of failure)
Confirm with . or Enter, or press ? or * to list all spells.
Aiming: Searing Ray (safe; 2% risk of failure)
Press: ? - help, Shift-Dir - straight line, f/p - scorpion
Aim: a scorpion (moderately wounded, 81% to hit)
You feel a surge of power!
The searing ray hits the scorpion.
The scorpion is heavily wounded. (Press . to maintain the ray.)
The scorpion barely misses you.
The searing ray misses the scorpion.
The scorpion stings you.
The searing ray hits the scorpion.
The scorpion is almost dead.
The scorpion barely misses you.
The searing ray hits the scorpion.
The scorpion is almost dead.
You finish channelling your searing ray.
The scorpion stings you.
* * * LOW HITPOINT WARNING * * *
The scorpion barely misses you.
Unknown command.
Casting: Searing Ray (safe; 2% risk of failure)
Confirm with . or Enter, or press ? or * to list all spells.
Okay, then.
You closely miss the scorpion.
The scorpion is almost dead.
The scorpion misses you.
You aren't carrying any items that you can evoke.
You barely miss the scorpion.
The scorpion is almost dead.
The scorpion barely misses you.
Unknown command.
You hit the scorpion but do no damage.
The scorpion is almost dead.
The scorpion stings you.
* * * LOW HITPOINT WARNING * * *
The scorpion stings you.
You die...

...# #. ...# #. ...# #.
...##### #.##
.......###>.#
...###...##.#########
...# ###............###.
##......................
###......#.....@?##
#......#######s#
#....... ... #########
.### .. .. ... .<.


You could see a scorpion.

Vanquished Creatures
  3 adders (D:2)
  A ribbon worm (D:2)
  A dart slug (D:1)
  2 endoplasms
  A giant cockroach (D:1)
  2 goblins (D:2)
  7 hobgoblins
  3 quokkas (D:2)
  2 ball pythons
  5 bats
  2 frilled lizards
  3 kobolds
32 creatures vanquished.

Notes
Turn   | Place    | Note
-------+----------+-------------------------------------------
     0 | D:1      | McKennaii the Demigod Conjurer began the quest for the Orb.
     0 | D:1      | Reached XP level 1. HP: 14/14 MP: 5/5
   351 | D:1      | Reached XP level 2. HP: 11/20 MP: 0/7
   770 | D:1      | Noticed a rust devil
   803 | D:1      | Reached skill level 4 in Conjurations
  1197 | D:2      | Reached XP level 3. HP: 26/26 MP: 7/9
  1697 | D:2      | Learned a level 2 spell: Searing Ray
  2182 | D:3      | Noticed a scorpion
  2194 | D:3      | HP: 1/26 [scorpion (5)]
  2194 | D:3      | Slain by a scorpion

Illustrated notes

Levels and vault maps discovered:
D:1:      eino_arrival_tree_alley, layout_basic,
          dreamdust_ecumenical_altar_sealed_demon
D:2:      layout_basic, serial_co_window_serial, co_window_paths_a,
          co_window_paths_b, co_window_of_opportunity_a, co_window_paths_a,
          co_window_corner_a, co_window_broadway_c, co_window_broadway_c,
          co_window_unsneaky_path_e, co_window_unsneaky_path_d,
          co_window_paths_d, glass_columns_c, glass_columns_a, glass_columns_c,
          glass_columns_a, glass_columns_c
D:3:      layout_rooms

Skill      XL: |  1  2 |
---------------+-------+-----
Spellcasting   | 2 |  2.8
Conjurations   | 4 |  4.4
Dodging        | |  1.7
Stealth        | |  1.7

Action                     || total
---------------------------++-------
  Melee: Staff             ||     3
   Cast: Magic Dart        ||    81
         Searing Ray       ||     1
 Armour: Robe              ||    14
  Dodge: Dodged            ||    19
